 Dungeon Crawl Stone Soup version 0.25-a0-578-gc91f01c39c (webtiles) character file.

Game seed: 603772451030763822, levelgen mode: deterministic

64 Flugslaktarn the Covered (level 3, -5/34 HPs)
             Began as a Deep Dwarf Fighter on Mar 5, 2020.
             Killed from afar by a steam dragon (17 damage)
             ... with a ball of steam
             ... on level 4 of the Dungeon.
             The game lasted 00:00:41 (814 turns).

Flugslaktarn the Covered (Deep Dwarf Fighter)        Turns: 814, Time: 00:00:42

Health: -5/34      AC: 11    Str: 20    XL:     3   Next: 91%
Magic:  3/3        EV:  3    Int:  8    God:
Gold:   5          SH:  9    Dex: 12    Spells: 2/2 levels left

rFire    . . .     SeeInvis .   a - +0 war axe
rCold    . . .     Gourm    .   c - +0 kite shield
rNeg     . . .     Faith    .   l - +0 plate armour (curse)
rPois    .         Spirit   .   (no helmet)
rElec    .         Reflect  .   (no cloak)
rCorr    .         Harm     .   (no gloves)
MR       .....                  (no boots)
Stlth    ..........             (no amulet)
HPRegen  0.00/turn              (no ring)
MPRegen  0.08/turn              (no ring)

@: non-regenerating
A: damage resistance, heal wounds, sense surroundings 1, no regeneration
a: Heal Wounds


You were on level 4 of the Dungeon.
You were not hungry.

You visited 1 branch of the dungeon, and saw 4 of its levels.

You collected 5 gold pieces.

Inventory:

Hand Weapons
 a - a +0 war axe (weapon)
Armour
 b - a +0 scale mail
 c - a +0 kite shield (worn)
 h - a +0 plate armour
   (You found it on level 1 of the Dungeon)
 l - a cursed +0 plate armour (worn)
   (You found it on level 2 of the Dungeon)
Jewellery
 g - a +2 amulet of reflection {unknown}
   (You found it on level 1 of the Dungeon)
Scrolls
 j - a scroll of fog {unknown}
 k - a scroll of identify {unknown}
Potions
 d - a potion of might
 f - a potion of heal wounds {unknown}
 i - a potion of lignification {unknown}
Comestibles
 e - a ration


   Skills:
 + Level 3.1 Fighting
 * Level 3.4 Axes
 + Level 3.8 Armour
 + Level 3.7 Shields


You had 2 spell levels left.
You didn't know any spells.
Your spell library was empty.

Dungeon Overview and Level Annotations

Branches:
Dungeon (4/15)
 Temple: D:4-7

Altars:


Innate Abilities, Weirdness & Mutations

You are resistant to damage.
You can heal yourself by infusing magical energy.
You passively map a small area around you.
You do not regenerate.


Message History

The steam dragon claws you but does no damage.
The steam dragon bites you but does no damage.
The steam dragon claws you.
You barely miss the steam dragon.
The steam dragon is moderately wounded.
The steam dragon breathes steam at you. The ball of steam hits you!
Your plate armour prevents you from hitting the steam dragon.
The steam dragon is moderately wounded.
You are engulfed in a cloud of scalding steam.
You block the steam dragon's attack. x2
The steam dragon bites you but does no damage.
The steam dragon claws you but does no damage.
You hit the steam dragon.
The steam dragon is heavily wounded.
You are engulfed in a cloud of scalding steam.
The steam dragon breathes steam at you. The ball of steam hits you!!
Ouch! That really hurt!
You die...

##### #...#
**#######.#.#### ,
,.............###### * *
#########.#.......... ,
#....§§§.............
#....§......###.#####
#.....§§.^........... *
#...@........##.#####
.......D.........##.#
.........##.###..##.#####
.............. ..........
* .........##.####.##.. #
, .........# .# ##.., # ,
...####### * .# # ... ,
.#* # , * ,...


You could see a steam dragon.

Vanquished Creatures
  A crimson imp (D:3)
  An adder (D:3)
  A worm (D:4)
  4 bats
  A giant cockroach (D:1)
  4 goblins
  3 jackals (D:1)
  A kobold (D:1)
  3 rats (D:1)
19 creatures vanquished.

Notes
Turn   | Place    | Note
-------+----------+-------------------------------------------
     0 | D:1      | Flugslaktarn the Deep Dwarf Fighter began the quest for the
                  | Orb.
     0 | D:1      | Reached XP level 1. HP: 20/20 MP: 1/1
    95 | D:1      | Reached XP level 2. HP: 24/27 MP: 2/2
   606 | D:3      | Noticed a crimson imp
   730 | D:3      | Killed a crimson imp
   730 | D:3      | Reached XP level 3. HP: 16/34 MP: 3/3
   794 | D:4      | Noticed a steam dragon
   814 | D:4      | Killed from afar by a steam dragon

Levels and vault maps discovered:
D:1:      minmay_arrival_arboretum_small, layout_loops_corners,
          due_unseen_surprise
D:2:      layout_basic, overflow_temple_1_default, first_ration
D:3:      layout_basic, marbit_many_paths, nicolae_overflow_crystal_walls,
          tgw_kikubaaqudgha, uniq_grinder
D:4:      layout_basic, vehumet_altar_wand_db

Skill      XL: |  1  2 |
---------------+-------+-----
Axes           | 3 |  3.4
Fighting       | 3 |  3.1
Armour         | |  3.8
Shields        | |  3.7

Action                   || total
-------------------------++-------
Melee: War axe           ||   170
 Abil: Heal Wounds       ||     5
Armor: Scale mail        ||    24
       Plate armour      ||   106
Dodge: Dodged            ||    41
Block: Kite shield       ||    91

Table legend:
 A = Non-vault XP
 B = Vault XP
 C = Vault XP percentage of total XP
 D = Non-vault monster count
 E = Vault monster count
 F = Vault count percentage of total count
                 A         B        C        D         E       F
            +---------+---------+-------+---------+---------+-------
      Total |      92 |       0 |   0.0 |      19 |       0 |   0.0
            +---------+---------+-------+---------+---------+-------
        D:1 |      21 |       0 |   0.0 |      13 |       0 |   0.0
        D:2 |       4 |       0 |   0.0 |       2 |       0 |   0.0
        D:3 |      61 |       0 |   0.0 |       3 |       0 |   0.0
        D:4 |       6 |       0 |   0.0 |       1 |       0 |   0.0
            +---------+---------+-------+---------+---------+-------
